AoeStats
← MatzeAoE

Black Forest

506387327Analyzed
1v1 RM · 19d ago on Sep 13, 2026· 40m 12s· 2 players
Game mode
Random Map
Map size
Tiny (2 player)
Population
200
Speed
Normal
Resources
Standard
Victory
Conquest
Starting age
Dark Age
Ending age
Imperial Age
RankedLock teamsTeams togetherTeam positionsShared explorationLock speedFull tech treeHidden civsTurbo modeCheats
Victory
Defeat
🇩🇪 Bengalis · Germany
2157
+13
🇦🇷 Bengalis · Argentina
2102
-13
the best BO's
10:31 Feudal Age
11:46 Town Watch
15:17 Castle Age
14:30 Double-Bit Axe
14:26 Horse Collar
18:11 Sanctity
19:38 Redemption
19:32 Loom
26:15 Atonement
27:31 Bow Saw
28:20 Devotion
32:08 Imperial Age
29:27 Loom
32:53 Wheelbarrow
32:13 Gold Mining
33:04 Block Printing
33:25 Theocracy
33:15 Illumination
33:27 Illumination
35:34 Hand Cart
36:10 Scale Barding Armor
36:18 Forging
36:33 Light Cavalry
37:24 Bloodlines
37:14 Husbandry
38:19 Husbandry
39:34 Iron Casting
40:07 Fervor
MatzeAoE
10:49 Feudal Age
14:42 Castle Age
12:41 Double-Bit Axe
14:08 Horse Collar
16:06 Bow Saw
17:06 Town Watch
23:43 Atonement
24:09 Loom
27:45 Devotion
32:14 Imperial Age
31:14 Wheelbarrow
31:39 Heavy Plow
31:59 Fletching
32:59 Sanctity
32:40 Devotion
33:11 Block Printing
35:30 Hand Cart
36:08 Theocracy
35:54 Faith
36:47 Conscription
36:48 Guilds
36:21 Light Cavalry
37:13 Bloodlines
38:35 Forging
38:31 Scale Barding Armor
38:28 Husbandry
39:05 Mahayana
40:07 Iron Casting
Connection lost

Rejoining the realm…

Still unreachable

The connection could not be restored.

Session expired

The server has moved on; the page needs a fresh start.